Map: Ephemeron LE

Players

Zanster - Winner!

  • Race: Zerg Zerg
  • Spawn Location: 5:00

soO

  • Race: Zerg Zerg
  • League: Master
  • Spawn Location: 11:00

Event: HomeStory Cup XX

VOD

Have the link to the VOD?

Description

Time

  • Played on: Nov. 22, 2019, 5:49 a.m.
  • Length: 12:19

All games in this series

Show
View Real Time Build Order
Export as new Build Order

Zanster Zerg - Winner!

Build Orders: Hatch First, Zergling Baneling 

Get SALT Encoding   

  12  0:00  Drone  
  13  0:13  Overlord  
  13  0:17  Drone  
  14  0:31  Drone x2  
  16  0:49  Hatchery  
  15  0:51  Drone  
  15  0:55  Drone  
  17  0:58  Drone  
  18  1:08  Extractor  
  17  1:14  Spawning Pool  
  17  1:16  Drone  
  17  1:20  Drone  
  18  1:29  Drone  
  19  1:39  Drone  
  20  1:50  Drone  
  21  2:00  Queen x2  
  25  2:01  Overlord  
  25  2:02  Drone  
  26  2:09  Metabolic Boost  
  26  2:12  Drone x2  
  28  2:22  Drone  
  29  2:23  Drone  
  30  2:35  Hatchery  
  30  2:36  Drone  
  30  2:38  Zergling x2  
  31  2:44  Baneling Nest  
  31  2:45  Drone  
  31  2:49  Overlord  
  31  2:54  Drone x2  
  33  3:01  Queen  
  33  3:04  Zergling x2  
  36  3:11  Zergling x2  
  38  3:12  Drone  
  38  3:13  Drone x2  
  38  3:17  Zergling x4  
  38  3:18  Zergling x2  
  43  3:24  Overlord  
  43  3:28  Drone, Evolution Chamber  
  43  3:32  Baneling  
  43  3:33  Baneling  
  43  3:37  Zergling x2  
  43  3:38  Baneling  
  43  3:39  Baneling x2  
  43  3:43  Queen  
  43  3:48  Zergling x8  
  48  3:55  Drone x4  
  51  3:58  Overlord  
  53  4:07  Drone  
  53  4:08  Drone x2  
  56  4:12  Baneling x2  
  55  4:19  Drone  
  55  4:20  Drone x5  
  55  4:23  Drone  
  55  4:24  Extractor x2  
  61  4:25  Drone  
  61  4:26  Zerg Missile Weapons Level 1  
  61  4:33  Drone x4  
  61  4:37  Overlord  
  65  4:49  Baneling x2  
  65  4:52  Drone  
  65  4:53  Overlord  
  65  5:00  Drone x7  
  65  5:02  Drone  
  65  5:03  Drone, Overlord x2  
  65  5:05  Lair  
  73  5:14  Drone, Roach Warren  
  73  5:15  Drone x3  
  73  5:16  Extractor  
  75  5:22  Drone x3  
  78  5:28  Overlord  
  78  5:36  Overlord  
  78  5:37  Drone  
  78  5:39  Extractor  
  78  5:41  Drone  
  78  5:42  Drone x4  
  82  5:47  Overlord  
  82  5:54  Spine Crawler x2, Roach  
  82  5:55  Spine Crawler, Roach x6  
  93  5:59  Spine Crawler  
  91  6:07  Roach x3  
  91  6:08  Baneling x4  
  96  6:11  Roach  
  96  6:12  Roach x2  
  101  6:19  Roach x5  
  101  6:21  Roach  
  98  6:27  Overlord  
  98  6:31  Roach x2  
  98  6:32  Glial Reconstitution  
  94  6:35  Queen x2  
  94  6:38  Roach  
  96  6:42  Roach x2  
  90  6:48  Roach x3  
  90  6:52  Roach x3  
  94  6:55  Roach  
  96  7:04  Roach x3  
  102  7:09  Roach  
  104  7:20  Drone  
  104  7:21  Drone x3  
  104  7:22  Drone  
  107  7:25  Hatchery, Zerg Missile Weapons Level 2  
  106  7:31  Extractor, Overlord  
  106  7:36  Drone  
  106  7:37  Drone  
  107  7:42  Drone  
  107  7:43  Drone x2  
  110  7:45  Drone  
  110  7:46  Drone x4  
  110  7:47  Drone  
  110  7:50  Spire  
  115  7:54  Queen  
  112  7:59  Roach x4  
  112  8:03  Drone  
  112  8:04  Drone x2  
  115  8:17  Roach x4  
  113  8:25  Roach x5  
  113  8:26  Roach x2  
  127  8:30  Overlord x2  
  127  8:48  Overlord  
  127  8:57  Overlord  
  127  9:02  Mutalisk x4  
  127  9:03  Mutalisk  
  127  9:04  Mutalisk x4  
  127  9:06  Roach x3  
  151  9:10  Roach x2  
  151  9:13  Roach  
  151  9:14  Roach  
  151  9:15  Overlord  
  159  9:18  Roach  
  159  9:19  Roach  
  163  9:24  Roach  
  163  9:25  Roach x3  
  163  9:28  Roach x2  
  163  9:29  Overlord  
  175  9:34  Roach  
  175  9:35  Roach x2  
  181  9:38  Overlord  
  181  9:42  Roach  
  183  9:46  Overlord  
  183  9:49  Overseer, Pneumatized Carapace  
  183  9:55  Roach  
  183  9:56  Roach x3  
  189  10:01  Extractor  
  189  10:02  Extractor  
  187  10:08  Drone x2  
  187  10:12  Mutalisk x4  
  191  10:20  Mutalisk  
  193  10:25  Spore Crawler  
  193  10:26  Spore Crawler  
  191  10:30  Mutalisk x2  
  195  10:54  Hatchery  
  195  10:56  Spore Crawler, Hydralisk Den  
  192  10:57  Spore Crawler  
  189  11:12  Mutalisk  
  189  11:13  Mutalisk x6  
  193  11:24  Roach  
  193  11:25  Roach x4  
  197  11:26  Drone x2  
Show
View Real Time Build Order
Export as new Build Order

soO Zerg 

Build Orders: Hatch First 

Get SALT Encoding   

  12  0:00  Drone  
  13  0:12  Overlord  
  13  0:16  Drone  
  14  0:30  Drone x2  
  16  0:47  Hatchery  
  15  0:51  Drone  
  15  0:55  Drone  
  17  0:58  Drone  
  18  1:09  Extractor  
  17  1:13  Spawning Pool  
  17  1:16  Drone  
  17  1:20  Drone  
  18  1:27  Drone  
  19  1:39  Drone  
  20  1:49  Overlord  
  20  1:59  Queen  
  20  2:00  Queen, Drone  
  26  2:01  Drone  
  26  2:09  Metabolic Boost  
  26  2:11  Drone  
  26  2:12  Drone  
  28  2:20  Drone  
  28  2:21  Drone  
  30  2:34  Hatchery  
  30  2:36  Drone  
  30  2:37  Zergling x2  
  30  2:43  Overlord  
  31  2:45  Drone  
  32  2:53  Drone  
  33  2:58  Baneling Nest  
  32  3:07  Zergling x12  
  32  3:09  Zergling x2  
  32  3:10  Zergling x2  
  41  3:12  Zergling x2  
  41  3:20  Overlord  
  41  3:22  Drone  
  42  3:28  Drone x2  
  44  3:40  Drone x2  
  46  3:44  Drone x2  
  46  3:46  Drone  
  46  3:47  Drone  
  51  3:48  Drone  
  51  3:52  Drone  
  51  3:54  Baneling x2  
  51  3:55  Queen, Drone  
  51  3:58  Baneling x2  
  51  4:01  Drone  
  54  4:05  Evolution Chamber  
  54  4:08  Zergling x4  
  54  4:10  Drone  
  54  4:11  Drone  
  54  4:13  Overlord  
  54  4:15  Drone  
  56  4:21  Drone x2  
  56  4:23  Extractor  
  57  4:24  Extractor  
  57  4:25  Zergling x2  
  57  4:26  Drone  
  58  4:32  Drone  
  58  4:33  Zerg Missile Weapons Level 1  
  58  4:34  Drone  
  58  4:35  Drone x2  
  62  4:38  Roach Warren  
  62  4:40  Overlord  
  60  4:47  Overlord  
  60  4:53  Overlord  
  59  5:12  Overlord  
  59  5:18  Roach x11  
  81  5:26  Roach x4  
  81  5:27  Overlord x2  
  89  5:33  Overlord  
  89  5:35  Roach x2  
  93  5:41  Roach x2  
  97  5:44  Overlord  
  97  5:47  Roach x3  
  103  5:52  Roach x3  
  103  5:55  Roach  
  111  5:58  Roach  
  112  6:09  Baneling x4  
  112  6:10  Zergling x2  
  112  6:11  Zergling x6  
  115  6:14  Zergling x2  
  115  6:17  Roach  
  119  6:18  Roach  
  119  6:19  Zergling x2  
  119  6:20  Zergling x2  
  119  6:22  Zergling x2  
  119  6:23  Zergling x2  
  119  6:24  Zergling x4  
  119  6:25  Zergling x2  
  120  6:29  Zergling x4  
  116  6:33  Roach  
  116  6:34  Roach x2  
  116  6:36  Roach  
  103  6:44  Roach  
  103  6:45  Roach  
  99  6:47  Roach  
  99  6:53  Roach  
  99  6:54  Roach  
  94  6:56  Roach x2  
  94  6:57  Zergling x4, Roach x2  
  94  6:58  Zergling x2  
  94  6:59  Extractor x2  
  91  7:04  Roach x2  
  91  7:08  Drone  
  91  7:15  Drone x2, Lair  
  93  7:23  Drone x4  
  93  7:26  Drone x6  
  93  7:28  Drone  
  104  7:32  Drone  
  104  7:36  Ravager  
  107  7:37  Ravager  
  107  7:38  Roach  
  107  7:41  Spine Crawler  
  107  7:42  Roach x2  
  114  7:44  Roach  
  114  7:51  Roach x4  
  122  7:54  Overlord  
  122  7:56  Overlord  
  122  7:57  Overlord  
  120  7:59  Overlord  
  120  8:02  Roach x2  
  120  8:03  Overlord  
  115  8:13  Roach x2  
  115  8:19  Glial Reconstitution, Drone  
  109  8:22  Extractor, Spire  
  109  8:26  Drone x3  
  112  8:28  Zerg Missile Weapons Level 2  
  112  8:32  Roach x3  
  118  8:40  Roach x2  
  118  8:41  Roach x3  
  126  8:55  Hatchery  
  125  8:56  Overseer  
  125  8:58  Drone  
  126  9:08  Roach x6  
  138  9:21  Overlord  
  138  9:33  Mutalisk x6  
  138  9:37  Spore Crawler  
  149  9:38  Spore Crawler  
  149  9:41  Mutalisk x2, Spore Crawler  
  151  9:46  Overlord  
  151  9:52  Mutalisk  
  151  10:01  Mutalisk x2  
  151  10:06  Mutalisk  
  151  10:10  Queen  
  151  10:14  Drone  
  154  10:15  Overlord x2  
  154  10:22  Overlord  
  154  10:26  Hatchery  
  153  10:33  Mutalisk, Queen, Overlord  
  153  10:34  Mutalisk x2  
  161  10:42  Infestation Pit  
  160  10:43  Mutalisk x2  
  164  10:51  Queen  
  164  10:55  Overlord  
  164  10:56  Drone  
  168  10:57  Drone  
  168  11:02  Overlord  
  168  11:05  Spore Crawler  
  167  11:17  Infestor x2  
  169  11:24  Infestor x2  
  169  11:25  Queen x2  
  175  11:26  Queen  
  175  11:31  Overlord  
  175  11:32  Overlord  
  177  11:33  Overlord  
  177  11:40  Infestor x2  
Tags
 
Add a new tag
Caveats
  • Supply blocks, unpowered buildings, or Contaminate may cause inaccurate times.
  • Supply counts are checked every 10 seconds.